AoeStats
← NDF

Arabia

509479974Analyzed
1v1 RM · 4d ago on Sep 26, 2026· 40m 51s· 2 players
Game mode
Random Map
Map size
Tiny (2 player)
Population
200
Speed
Normal
Resources
Standard
Victory
Conquest
Starting age
Dark Age
Ending age
Imperial Age
RankedLock teamsTeams togetherTeam positionsShared explorationLock speedFull tech treeHidden civsTurbo modeCheats
Victory
Defeat
🇦🇷 Teutons · Argentina
589
+16
🇹🇼 Chinese · Taiwan
595
-16
NDF
2:52 Loom
13:36 Feudal Age
14:34 Man-at-Arms
20:19 Castle Age
18:57 Double-Bit Axe
18:56 Horse Collar
19:14 Gold Mining
20:14 Stone Mining
21:26 Forging
23:03 Padded Archer Armor
22:54 Fletching
29:50 Elite Skirmisher
35:20 Masonry
36:36 Stone Shaft Mining
39:16 Imperial Age
悲劇
0:59 Loom
11:07 Feudal Age
11:52 Horse Collar
13:55 Double-Bit Axe
21:02 Castle Age
22:13 Heavy Plow
33:38 Fletching
40:47 Imperial Age
Connection lost

Rejoining the realm…

Still unreachable

The connection could not be restored.

Session expired

The server has moved on; the page needs a fresh start.